 Dungeon Crawl Stone Soup version 0.27-a0-1529-g1e82c303ef (webtiles) character file.

Game seed: 3253173832974530270

10 Demosthentine the Poker (level 2, -3/23 HPs)
             Began as a Merfolk Gladiator on July 12, 2021.
             Slain by a kobold (5 damage)
             ... on level 1 of the Dungeon.
             The game lasted 00:00:13 (279 turns).

Demosthentine the Poker (Merfolk Gladiator)          Turns: 279, Time: 00:00:14

Health: -3/23      AC:  4    Str: 14    XL:     2   Next: 20%
Magic:  2/2        EV: 13    Int:  7    God:
Gold:   29         SH:  0    Dex: 15    Spells: 1/1 levels left

rFire    . . .     SeeInvis .   a - +0 trident
rCold    . . .     Faith    .   (no shield)
rNeg     . . .     Spirit   .   b - +0 leather armour
rPois    .         Reflect  .   c - +0 helmet
rElec    .         Harm     .   (no cloak)
rCorr    .         Rampage  .   (no gloves)
Will     .....                  (no boots)
Stlth    +.........             (no amulet)
HPRegen  0.07/turn              (no ring)
MPRegen  0.08/turn              (no ring)

@: no status effects
A: (nimble swimmer 2), mertail
a: no special abilities


You were on level 1 of the Dungeon.
You visited 1 branch of the dungeon, and saw 1 of its levels.

You collected 29 gold pieces.

Inventory:

Hand Weapons
 a - a +0 trident (weapon)
Missiles
 d - 3 throwing nets (quivered)
Armour
 b - a +0 leather armour (worn)
 c - a +0 helmet (worn)
Scrolls
 e - a scroll of amnesia {unknown}


   Skills:
 + Level 2.4 Fighting
 + Level 4.6 Polearms
 - Level 2.0 Throwing
 + Level 0.3 Armour
 + Level 4.2 Dodging


You had one spell level left.
You didn't know any spells.
Your spell library was empty.

Dungeon Overview and Level Annotations

Branches:
Dungeon (1/15)

Altars:


Innate Abilities, Weirdness & Mutations

((You are quick and stealthy near water. (Stealth+, EV+, Speed+++)))
Your lower body shifts to a powerful aquatic tail in water.


Message History

No target in view!
No target in view!
You see here a bat corpse.
A kobold comes into view. It is wielding a +4 short sword.
The kobold shouts!
You reach to attack!
You closely miss the kobold.
A kobold is nearby!
You closely miss the kobold. The kobold misses you.
A kobold is nearby!
You closely miss the kobold.
The kobold hits you with a +4 short sword.
You closely miss the kobold.
The kobold hits you with a +4 short sword.
A kobold is nearby!
You hit the kobold.
The kobold is severely wounded.
The kobold hits you with a +4 short sword.
A kobold is nearby!
You barely miss the kobold.
The kobold is severely wounded.
The kobold hits you with a +4 short sword.
A kobold is nearby!
You are too injured to fight recklessly!
You are too injured to fight recklessly!
A kobold is nearby!
You are too injured to fight recklessly!
A kobold is nearby!
Unknown command.
You barely miss the kobold.
The kobold is severely wounded.
The kobold hits you with a +4 short sword!
* * * LOW HITPOINT WARNING * * *
You closely miss the kobold.
The kobold is severely wounded.
The kobold hits you but does no damage.
Unknown command.
You closely miss the kobold.
The kobold is severely wounded.
The kobold hits you with a +4 short sword.
You die...

#......##..#######
#.......†#........#
#.....##....#####..
#....^####....# #.
#.....# ##.(.# ##
##.#### #...####.
#.# #>..##... #.#
#...##.## #@#
####>..##.#
#..K....##......##.#
#....?...#......#..#
#.................##
#.......##......###
##########......#
#......# #......#
########


You could see a kobold.

Vanquished Creatures
  An endoplasm (D:1)
  A hobgoblin (D:1)
  2 jackals (D:1)
  A ball python (D:1)
  2 bats (D:1)
  A frilled lizard (D:1)
  A kobold (D:1)
  A rat (D:1)
10 creatures vanquished.

Notes
Turn   | Place    | Note
-------+----------+-------------------------------------------
     0 | D:1      | Demosthentine the Merfolk Gladiator began the quest for the
                  | Orb.
     0 | D:1      | Reached XP level 1. HP: 16/16 MP: 1/1
    39 | D:1      | Found a faded altar of an unknown god.
   124 | D:1      | Reached XP level 2. HP: 23/23 MP: 2/2
   279 | D:1      | Slain by a kobold

Illustrated notes

Levels and vault maps discovered:
D:1:      onia_arrival_mini_spirals, layout_rooms, basic_ecumenical_altar

Action                   || total
-------------------------++-------
Melee: Trident           ||    42
Armor: Leather armour    ||    22
Dodge: Dodged            ||    26

Table legend: (Time is in decaauts)
 A = Elapsed time spent in this place.
 B = Non-inter-level travel time spent in this place.
 C = Inter-level travel time spent in this place.
 D = Time resting spent in this place.
 E = Time spent auto-exploring this place.
 F = Levels seen in this place.
 G = Mean time per level.
                   A        B        C        D        E       F      G
               +--------+--------+--------+--------+--------+-----+--------+
         Total |    281 |    281 |      0 |      0 |    215 |   1 |  281.0 |
       Dungeon |    281 |    281 |      0 |      0 |    215 |   1 |  281.0 |
               +--------+--------+--------+--------+--------+-----+--------+

Top non-repeatable levels by time:
     D:1: 281 daAuts
